 Dungeon Crawl Stone Soup version 0.20.1-1-g8b1a95d (webtiles) character file.

705311 JeffiDaFish the Gargoyle Barricade (level 27, -4/192 HPs)
             Began as a Gargoyle Fighter on Nov 21, 2017.
             Was the Champion of Okawaru.
             Slain by a death cob (6 damage)
             ... on level 5 of the Realm of Zot on Dec 3, 2017.
             The game lasted 03:46:50 (69000 turns).

JeffiDaFish the Gargoyle Barricade (GrFi)          Turns: 69000, Time: 03:46:51

Health: -4/192     AC: 65    Str: 24    XL:     27
Magic:  31/31      EV: 21    Int: 17    God:    Okawaru [******]
Gold:   5169       SH: 25    Dex: 30    Spells: 29/31 levels left

rFire    + . .     SeeInvis .   P - +7 morningstar of Wounding {crush, +Rage rElec Dex+3}
rCold    + . .     Gourm    .   K - +5 shield {reflect}
rNeg     + . .     Faith    .   G - +10 plate armour {rC+}
rPois    ∞         Spirit   .   i - +2 helmet
rElec    +         Reflect  +   z - +0 cloak of Cocytus {Int+4 Dex+3 Slay+2}
rCorr    .         Harm     .   U - +2 pair of gloves {Dex+3}
MR       +++..     Rnd*Tele +   F - +2 pair of boots
Stlth    ..........             M - amulet of regeneration
Regen    0.9/turn               N - ring of Riha {+Blink rF+ Str+4}
MPRegen  0.3/turn               k - +5 ring of dexterity

@: flying, slowed, drained, very slow
A: big wings, blurry vision 1, clumsy 1, low mp 1, magic resistance 1, negative
energy resistance 1, electricity resistance, teleportitis 1, wild magic 1,
unbreathing, petrification resistance, rot immunity, AC +20
}: 3/15 runes: barnacled, silver, gossamer
a: Stop Flying, Heroism, Finesse, Renounce Religion, Evoke Blink, Evoke Berserk
Rage


You were on level 5 of the Realm of Zot.
You worshipped Okawaru.
Okawaru was exalted by your worship.
You were not hungry.

You visited 12 branches of the dungeon, and saw 56 of its levels.
You visited the Abyss 3 times.
You also visited: Labyrinth, Trove, Ossuary and Ice Cave.

You collected 7353 gold pieces.
You spent 2184 gold pieces at shops.

Inventory:

Hand Weapons
 O - a +9 morningstar of protection
 P - the +7 morningstar of Wounding (weapon) {crush, +Rage rElec Dex+3}
   (Okawaru gifted it to you on level 6 of the Lair of Beasts)

   It inflicts extra damage upon your enemies.
   It affects your dexterity (+3).
   It insulates you from electricity.
   It lets you go berserk.
Armour
 i - a +2 helmet (worn)
 z - the +0 cloak of Cocytus (worn) {Int+4 Dex+3 Slay+2}
   (Okawaru gifted it to you on level 8 of the Dungeon)

   It affects your intelligence (+4).
   It affects your dexterity (+3).
   It affects your accuracy and damage with ranged weapons and melee attacks
   (+2).
 F - a +2 pair of boots (worn)
 G - a +10 plate armour of cold resistance (worn)
 K - a +5 shield of reflection (worn)
 U - a +2 pair of gloves of dexterity (worn)
Jewellery
 d - an uncursed ring of see invisible
 j - the amulet "Dodesm" {RegenMP rC+ MR+ Str+4}
   (You found it in a treasure trove)

   [amulet of magic regeneration]

   It increases your magic regeneration.
   It affects your strength (+4).
   It protects you from cold.
   It affects your resistance to hostile enchantments.
 k - a +5 ring of dexterity (right hand)
 B - an uncursed ring of protection from cold
 M - an amulet of regeneration (around neck)
 N - the ring of Riha (left hand) {+Blink rF+ Str+4}
   (You found it on level 3 of the Vaults)

   [ring of strength]

   It affects your strength (+4).
   It protects you from fire.
   It lets you blink.
Scrolls
 o - 6 scrolls of recharging
 p - 3 scrolls of identify
 q - 3 scrolls of fear
 r - 20 scrolls of remove curse
 u - 10 scrolls of amnesia
 x - 14 scrolls of magic mapping
 A - a scroll of enchant weapon
 C - 15 scrolls of teleportation
 D - 5 scrolls of blinking
 E - 3 scrolls of fog
 Q - 3 scrolls of holy word
 V - a scroll of summoning
Potions
 a - 2 potions of ambrosia
 c - a potion of magic
 e - 2 potions of resistance
 g - 4 potions of invisibility
 m - 14 potions of curing
 n - 9 potions of haste
 s - 4 potions of might
 w - 8 potions of berserk rage
 H - 3 potions of heal wounds
 I - 2 potions of cancellation
 J - 8 potions of agility
Books
 l - Ycsuots's Collected Works on Air
   (You found it on level 1 of the Vaults)

   Spells                             Type                      Level
   a - Mephitic Cloud                 Conjuration/Poison/Air       3
   b - Static Discharge               Conjuration/Air              3
   c - Lightning Bolt                 Conjuration/Air              5
   d - Silence                        Hexes/Air                    5
   e - Freezing Cloud                 Conjuration/Ice/Air          6
   f - Conjure Ball Lightning         Conjuration/Air              6
 y - the Guide on Poisoning
   (You found it on level 1 of the Vaults)

   Spells                             Type                      Level
   a - Sting                          Conjuration/Poison           1
   b - Poisonous Vapours              Poison/Air                   2
   c - Ignite Poison                  Fire/Transmutation/Poison    3
   d - Olgreb's Toxic Radiance        Poison                       4
   e - Venom Bolt                     Conjuration/Poison           5
   f - Alistair's Intoxication        Transmutation/Poison         5
Comestibles
 f - 17 meat rations
 h - 37 fruits
 v - 27 bread rations
 R - 8 royal jellies


   Skills:
 * Level 24.8(24.2) Fighting
 * Level 23.2(22.6) Maces & Flails
 * Level 23.1(22.5) Armour
 + Level 14.9(14.3) Dodging
 - Level 2.4(2.0) Stealth
 O Level 27(26.3) Shields
 - Level 2.8(2.4) Spellcasting
 - Level 3.8(3.4) Translocations
 - Level 15.6(15.1) Invocations
 + Level 8.4(7.9) Evocations


You had 29 spell levels left.
You knew the following spells:

 Your Spells              Type           Power        Failure   Level  Hunger
a - Blink                 Tloc           N/A          41%         2    ##.....


Dungeon Overview and Level Annotations

Branches:
Dungeon (15/15)            Temple (0/1) D:7            Lair (6/6) D:10
 Shoals (4/4) Lair:3       Spider (4/4) Lair:4        Slime (0/5) Lair:5
    Orc (2/2) D:10            Elf (3/3) Orc:2        Vaults (5/5) D:14
  Crypt (0/3) Vaults:3     Depths (5/5) D:15           Hell (1/1)
    Dis (1/7) Hell            Geh (0/7) Hell            Coc (5/7) Hell
    Tar (0/7) Hell            Zot (5/5) Depths:5

Altars:
Dithmenos
Fedhas
Hepliaklqana
Kikubaaqudgha
Makhleb
Okawaru
Qazlal
Vehumet
Xom
Yredelemnul
Beogh

Shops:
D:7 [   D:14 (   Orc:2 :(*[   Elf:2 ?   Elf:3 [   Shoals:1 !   Shoals:3 ((((*
Depths:4 }}=   Depths:5 %(:[

Portals:
Hell: Depths:1 Depths:2 Depths:3 Depths:4 Depths:5
Abyss: Depths:4
Pandemonium: Depths:3
Ziggurat: Depths:1

Annotations:
Depths:1 2 transporters


Innate Abilities, Weirdness & Mutations

You are resistant to torment.
Your stone body is resilient. (AC +20)
You are immune to poison.
Your large and strong wings let you fly indefinitely.
You resist negative energy. (rN+)
You are resistant to electric shocks. (rElec)
You can survive without breathing.
You are immune to petrification.
You are immune to rotting.
Scrolls take you a little longer to read.
You are clumsy. (Dex -2)
Your magical capacity is low. (-10% MP)
You are resistant to hostile enchantments. (MR+)
You are occasionally teleported next to monsters.
Your spells are a little harder to cast, but a little more powerful.


Message History

The death cob hits you but does no damage.
The Orb Guardian completely misses you.
Really read with blurry vision while enemies are nearby?
You block the Orb Guardian's attack. x2
The Orb Guardian hits you but does no damage.
The death cob hits you.
* * * LOW HITPOINT WARNING * * *
The Orb Guardian completely misses you. You block the Orb Guardian's attack.
The power of Zot is invoked against you!
Nothing appears to happen.
You begin reading the scroll.
You continue reading the scroll.
You block the death cob's attack. You block the Orb Guardian's attack.
The Orb Guardian hits you but does no damage.
The death cob hits you but does no damage.
You block the Orb Guardian's attack.
The Orb Guardian hits you but does no damage. x2
The Orb Guardian hits you!!
* * * LOW HITPOINT WARNING * * *
The death cob hits you.
You die...

............?..
...............#
...^......!....#
...............#
.........^.^...#
....^..........#
........D.y...#
.....^...XXX.##...
.....d..Xz@X.....#
....##▓▓▓▓▓▓▓▓▓▓▓#
[... ... ..


You could see a golden dragon, a black draconian, a death cob, 5 Orb Guardians
and a moth of wrath.

Vanquished Creatures
  2 ancient liches
  2 orbs of fire
  The ghost of Inchmeat the Conqueror, a veteran MfGl of Ashenzari (Vaults:5)
  Bai Suzhen (Depths:2)
  A Killer Klown (Zot:4)
  A curse toe (Zot:4)
  Margery (Depths:5)
  12 shard shrikes
  7 golden dragons
  Geryon (Hell)
  8 bone dragons
  2 Brimstone Fiends (Dis:1)
  An electric golem (Zot:3)
  Arachne (Spider:4)
  The ghost of mole0619 the Tortoise, an adept HOMo of Beogh (Shoals:4)
  15 tentacled monstrosities
  Rupert (Lair:5)
  13 Ice Fiends
  5 liches
  3 deep elf blademasters
  3 titans (Vaults:5)
  4 quicksilver dragons
  Murray (Depths:5)
  7 sphinxes
  An Executioner (Coc:4)
  5 death cobs
  2 tentacled starspawn
  An eldritch tentacle (Coc:1)
  Agnes (Spider:2)
  7 tengu reavers
  A thorn hunter (Abyss:5)
  Kirke (D:12)
  8 shadow dragons
  A storm dragon (shapeshifter) (Vaults:5)
  7 draconian monks
  11 storm dragons
  Donald (Spider:4)
  14 frost giants
  10 fire giants
  Ilsuiw (Shoals:4)
  A daeva (Abyss:3)
  6 draconian shifters
  An orc warlord (Orc:2)
  4 iron dragons
  7 emperor scorpions
  6 ghost moths
  10 deep elf sorcerers
  5 draconian knights
  2 juggernaut zombies (Hell)
  A caustic shrike zombie (Hell)
  6 draconian scorchers
  19 ironheart preservers
  19 vault wardens
  An angel (Abyss:3)
  2 cacodemons (Hell)
  6 draconian annihilators
  2 spriggan defenders
  11 very ugly things
  4 deep elf elementalists
  15 reapers
  2 elemental wellsprings (Coc:1)
  5 entropy weavers
  A draconian stormcaller (Zot:2)
  A juggernaut skeleton (Vaults:1)
  A war gargoyle (Hell)
  25 stone giants
  3 vampire knights
  17 green draconians
  The ghost of schets the Geomancer, a journeyman GrEE of Vehumet (Lair:6)
  Nessos (D:12)
  2 dire elephants
  10 deep elf demonologists (Elf:3)
  12 purple draconians
  4 black draconians
  2 lorocyprocas (Dis:1)
  12 deep elf annihilators
  14 red draconians
  Azrael (D:12)
  3 spark wasps
  9 white draconians
  7 yellow draconians
  12 ettins
  9 fire dragons
  A minotaur (shapeshifter) (Depths:3)
  14 yaktaur captains
  10 deep elf death magi
  7 blizzard demons
  14 merfolk impalers
  2 quicksilver dragon zombies
  7 deep elf high priests
  7 merfolk javelineers
  A minotaur (Lab)
  6 great orbs of eyes
  5 kraken zombies
  2 quicksilver dragon skeletons
  34 vault guards
  4 merfolk avatars
  9 hydras
  3 ghost crabs (Vaults:1)
  11 centaur warriors
  3 hell beasts (Hell)
  6 rakshasas
  4 catoblepae
  20 ice dragons
  A monstrous demonspawn (Depths:3)
  5 spriggan air magi
  A two-headed ogre (shapeshifter) (Vaults:5)
  A juggernaut simulacrum (Vaults:1)
  A satyr (Shoals:4)
  36 two-headed ogres
  9 deep troll earth magi
  6 death yaks (Lair:6)
  34 dancing weapons
  The ghost of Redshirtsky the Grappler, a novice TrMo of Hepliaklqana (D:9)
  9 hell hogs
  7 merfolk aquamancers (Shoals:4)
  3 tengu warriors
  A death knight (Vaults:5)
  4 titan zombies
  2 shock serpents (Vaults:1)
  8 thrashing horrors (Abyss:3)
  2 deep troll shamans
  3 spriggan berserkers (Depths:2)
  13 ogre magi
  2 wretched stars (Abyss:3)
  5 iron golems
  5 soul eaters
  7 sun demons
  4 orc high priests (Orc:2)
  5 storm dragon zombies
  26 deep elf knights
  29 hell knights
  A titan skeleton (Coc:4)
  29 slime creatures
  15 sea snakes
  A sixfirhy (Hell)
  2 spark wasp zombies (Hell)
  A ghost moth zombie (Coc:4)
  2 shadow wraiths
  3 golden dragon zombies
  3 flayed ghosts
  9 anaconda zombies
  An iron troll (Depths:1)
  2 storm dragon skeletons (Coc:3)
  An unseen horror (shapeshifter) (Vaults:1)
  30 deep trolls
  A kraken simulacrum (Shoals:4)
  60 skeletal warriors
  2 death drakes
  3 glowing orange brains
  3 unseen horrors
  A tengu zombie (Hell)
  Pikel (D:10)
  A shambling mangrove (Abyss:5)
  19 deep elf archers
  11 necromancers
  2 iron dragon zombies
  3 phantasmal warriors
  17 orc knights
  A golden dragon skeleton (Coc:4)
  24 harpies
  2 anaconda skeletons
  19 ironbrand convokers
  3 lindwurms
  7 wizards
  74 deep elf magi
  3 shadow dragon zombies
  21 orb spiders
  A salamander (shapeshifter) (Elf:3)
  A wolf spider zombie (Coc:2)
  A mana viper (Vaults:1)
  A shining eye (shapeshifter) (Vaults:4)
  40 ugly things
  A shadow dragon skeleton (Coc:2)
  19 wolf spiders
  A manticore (shapeshifter) (Vaults:2)
  A sphinx zombie (Vaults:4)
  A mana viper (shapeshifter) (Vaults:5)
  15 manticores
  5 fire giant zombies
  3 orc sorcerers (Orc:2)
  11 moths of wrath
  5 fauns
  8 cyclopes
  A faun (shapeshifter) (Vaults:5)
  3 stone giant zombies
  A shock serpent zombie (Dis:1)
  5 frost giant zombies
  4 frost giant skeletons
  6 worldbinders
  10 black mambas
  6 fire giant skeletons
  4 stone giant skeletons
  19 vault sentinels
  5 merfolk sirens
  2 human zombies
  3 dire elephant zombies
  8 torpor snails
  2 apocalypse crabs (Abyss:3)
  5 water nymphs
  17 spiny frogs
  8 rust devils
  Joseph (D:8)
  4 smoke demons
  2 iron dragon skeletons
  2 orange demons
  A titan simulacrum (Coc:4)
  2 ice statues (IceCv)
  An emperor scorpion zombie (Coc:4)
  A gargoyle (D:11)
  A yaktaur zombie (Hell)
  5 hellions
  2 dire elephant skeletons
  An efreet (D:15)
  42 freezing wraiths
  50 yaktaurs
  A spriggan zombie (Hell)
  8 rime drakes
  21 komodo dragons
  A tengu conjurer (Depths:2)
  2 golden dragon simulacra
  21 ice devils
  15 tormentors
  3 harpy zombies
  9 red devils
  9 trolls
  2 ancient zymes
  17 demonic crawlers
  7 wind drakes
  9 polar bears (Lair:6)
  A shadow dragon simulacrum (Vaults:4)
  2 trolls (shapeshifter)
  33 jumping spiders
  31 merfolk
  A polar bear (shapeshifter) (Depths:4)
  A wolf spider simulacrum (Coc:1)
  A hornet (shapeshifter) (Depths:1)
  16 hydra zombies
  Grinder (D:3)
  4 ettin zombies
  12 hornets
  An iron dragon simulacrum (Vaults:1)
  A dream sheep (shapeshifter) (Elf:3)
  5 ice dragon zombies
  13 dream sheep
  8 hippogriffs
  5 hydra skeletons
  11 raiju
  9 snapping turtles
  A deep troll zombie (Hell)
  15 blink frogs
  49 flying skulls
  A harpy skeleton (Coc:3)
  3 fire dragon zombies
  2 frost giant simulacra
  6 large abominations
  2 black mamba zombies
  10 alligator zombies
  Sigmund (D:4)
  6 air elementals
  11 shadows
  33 water elementals
  49 yaks
  A centaur simulacrum (D:12)
  67 redbacks
  35 tarantellas
  The ghost of robertstho the Thaumaturge, an amateur DEWz of Sif Muna (D:4)
  12 starcursed masses (Abyss:3)
  2 spriggans (shapeshifter)
  2 ice dragon skeletons
  2 ynoxinuls
  A spriggan (D:12)
  2 tarantellas (shapeshifter)
  4 wyverns
  3 alligator skeletons
  15 fire elementals
  12 wraiths
  19 humans (D:14)
  6 ettin skeletons
  A fire bat (shapeshifter) (Vaults:5)
  A yak (shapeshifter) (D:13)
  6 basilisks
  2 hogs (D:12)
  5 hungry ghosts
  2 chaos spawn (Abyss:3)
  2 neqoxecs
  A human simulacrum (Vaults:1)
  A warg (shapeshifter) (Depths:2)
  A harpy simulacrum (Abyss:3)
  A merfolk zombie (Coc:2)
  9 wargs
  8 spiny frog zombies
  Edmund (D:5)
  15 water moccasins
  5 acid dragons
  43 hell hounds
  3 hydra simulacra
  11 porcupines
  A floating eye (shapeshifter) (Depths:2)
  56 orc warriors
  A swamp drake (D:10)
  An eye of draining (D:12)
  4 spiny frog skeletons
  2 swamp dragon zombies
  3 snapping turtle zombies
  2 manticore zombies
  8 sky beasts
  4 slaves (D:4)
  12 black bears
  22 ice beasts
  4 necrophages
  A fire dragon simulacrum (Coc:2)
  35 ogres
  6 phantoms
  2 manticore skeletons
  21 wolves
  8 boggarts
  5 snapping turtle skeletons
  7 centaurs
  17 crocodiles
  An elf zombie (D:4)
  A big kobold (D:10)
  Blork the orc (D:5)
  6 small abominations
  23 bullfrogs
  3 elf skeletons
  2 earth elementals
  A spiny frog simulacrum (Coc:3)
  3 scorpions
  A swamp dragon simulacrum (Coc:4)
  36 wights
  9 killer bees
  A snapping turtle simulacrum (Coc:1)
  2 electric eels
  4 bullfrog zombies (Ossuary)
  5 centaur zombies
  15 crimson imps
  9 hounds
  Crazy Yiuf (D:2)
  2 jellies
  2 quasits
  34 orc priests
  2 bullfrog skeletons
  8 centaur skeletons
  9 iron imps
  Ijyb (D:4)
  Natasha (twice) (D:4)
  4 iguanas
  4 lightning spires (Vaults:1)
  40 orc wizards
  6 hell rats
  17 worker ants
  2 human skeletons
  A naga zombie (Dis:1)
  A hound zombie (Ossuary)
  2 hound skeletons
  20 mummies
  2 worker ant zombies
  2 howler monkey zombies
  5 adders
  2 shadow imps
  22 white imps
  3 ufetubi (Depths:3)
  An ooze (D:2)
  5 adder zombies (Ossuary)
  4 worms
  2 dart slugs (D:1)
  2 leopard geckos
  119 orcs
  7 bats
  6 giant cockroaches
  4 hobgoblins
  9 jackals
  3 quokkas
  A ball python (D:4)
  6 frilled lizards
  2 giant cockroach zombies (Ossuary)
  7 goblins
  2 jackal zombies
  7 kobolds
  2 leopard gecko zombies (Ossuary)
  An orc skeleton (D:4)
  2 orc zombies (D:4)
  11 rats
  3 crawling corpses
  2 fungi (D:2)
  3 plants
  A starspawn tentacle (Abyss:5)
  10 tentacles
3097 creatures vanquished.

Vanquished Creatures (others)
  2 deep elf master archers (Elf:3)
  An eldritch tentacle (Coc:1)
  A fire giant (Depths:3)
  A yaktaur captain (Vaults:4)
  2 satyrs (Shoals:4)
  An ogre mage (Vaults:1)
  A vampire mage (Depths:3)
  A deep elf knight (Elf:2)
  2 deep elf archers
  3 necromancers (Hell)
  A wolf spider (Spider:3)
  2 cyclopes
  A deep elf mage (Vaults:1)
  A faun (Shoals:2)
  A naga mage (Vaults:1)
  16 yaktaurs
  A jumping spider (Spider:4)
  5 flying skulls
  A water elemental (Coc:5)
  A human (D:12)
  A small abomination (Vaults:1)
  An ice beast (Coc:3)
  2 ogres
  A boggart (Depths:1)
  A wight (D:15)
  2 hell rats (Hell)
  An adder (D:12)
  2 ball lightnings (Vaults:1)
  An orc (Vaults:4)
  9 fungi
  19 plants
  5 starspawn tentacles (Abyss:5)
  27 tentacles
  4 toadstools (D:1)
121 creatures vanquished.

Grand Total: 3218 creatures vanquished

Notes
Turn   | Place    | Note
-------+----------+-------------------------------------------
     0 | D:1      | JeffiDaFish the Gargoyle Fighter began the quest for the Orb.
     0 | D:1      | Reached XP level 1. HP: 14/14 MP: 1/1
    48 | D:1      | Reached XP level 2. HP: 19/19 MP: 2/2
   374 | D:1      | Found an iron altar of Okawaru.
   386 | D:1      | Became a worshipper of Warmaster Okawaru
   635 | D:2      | Reached XP level 3. HP: 22/23 MP: 3/3
   808 | D:2      | Found a runed door.
   813 | D:2      | Noticed Crazy Yiuf
   820 | D:2      | Killed Crazy Yiuf
   820 | D:2      | Reached XP level 4. HP: 23/28 MP: 4/4
   954 | D:2      | Found a blossoming altar of Fedhas.
  1663 | D:3      | Reached XP level 5. HP: 28/33 MP: 5/5
  1767 | D:3      | Noticed Grinder
  1779 | D:3      | Paralysed by Grinder for 4 turns
  1799 | D:3      | Killed Grinder
  1799 | D:3      | Reached * piety under Okawaru
  1799 | D:3      | Reached skill level 1 in Dodging
  1799 | D:3      | Reached skill level 4 in Shields
  1799 | D:3      | Reached XP level 6. HP: 10/38 MP: 6/6
  2338 | D:3      | Found a burning altar of Makhleb.
  2374 | D:3      | Reached skill level 5 in Maces & Flails
  2720 | D:3      | Reached XP level 7. HP: 44/44 MP: 7/7
  3031 | D:4      | Noticed Sigmund
  3118 | D:4      | Killed Sigmund
  3118 | D:4      | Reached ** piety under Okawaru
  3278 | D:4      | Noticed Natasha
  3287 | D:4      | Killed Natasha
  3287 | D:4      | Reached skill level 5 in Fighting
  3300 | D:4      | Gained mutation: You are resistant to hostile enchantments. (MR+) [potion of mutation]
  3300 | D:4      | Gained mutation: Your spells are a little harder to cast, but a little more powerful. [potion of mutation]
  3340 | D:4      | Noticed Ijyb
  3343 | D:4      | Noticed Natasha
  3352 | D:4      | Killed Ijyb
  3397 | D:4      | Killed Natasha
  3489 | D:4      | Reached XP level 8. HP: 49/49 MP: 8/8
  3501 | D:4      | Reached skill level 5 in Shields
  3529 | D:4      | Found a sand-covered staircase.
  3550 | Ossuary  | Entered an ossuary
  3584 | Ossuary  | Reached *** piety under Okawaru
  3631 | Ossuary  | Reached skill level 5 in Armour
  4067 | D:4      | Noticed robertstho's ghost (amateur DEWz)
  4092 | D:4      | Killed robertstho's ghost
  4092 | D:4      | Reached skill level 6 in Shields
  4366 | D:5      | Entered Level 5 of the Dungeon
  4410 | D:5      | Reached XP level 9. HP: 49/55 MP: 9/9
  4512 | D:5      | Noticed Edmund
  4527 | D:5      | Killed Edmund
  4790 | D:5      | Noticed Blork the orc
  4798 | D:5      | Killed Blork the orc
  5250 | D:6      | Reached **** piety under Okawaru
  5782 | D:7      | Received a gift from Okawaru
  5816 | D:7      | Reached skill level 7 in Shields
  5912 | D:7      | Found a staircase to the Ecumenical Temple.
  5992 | D:7      | Found Siotupsait's Armour Shop.
  6065 | D:7      | Reached XP level 10. HP: 63/63 MP: 10/10
  6167 | D:7      | Found a shimmering altar of Xom.
  6236 | D:7      | Reached skill level 10 in Maces & Flails
  6856 | D:7      | Reached ***** piety under Okawaru
  7163 | D:8      | Noticed a two-headed ogre
  7178 | D:8      | Killed a two-headed ogre
  7334 | D:8      | Reached skill level 8 in Shields
  7484 | D:8      | Noticed Joseph
  7508 | D:8      | Killed Joseph
  7508 | D:8      | Received a gift from Okawaru
  7513 | D:8      | Got a translucent cloak {god gift}
  7524 | D:8      | Identified the +0 cloak of Cocytus {Int+4 Dex+3 Slay+2} (Okawaru gifted it to you on level 8 of the Dungeon)
  7653 | D:8      | HP: 2/64 [efreet/bolt of fire (11)]
  8406 | D:9      | Noticed Redshirtsky's ghost (novice TrMo)
  8418 | D:9      | Killed Redshirtsky's ghost
  8418 | D:9      | Reached XP level 11. HP: 56/68 MP: 11/11
  8901 | D:9      | Reached skill level 9 in Shields
  9036 | D:10     | Entered Level 10 of the Dungeon
  9071 | D:10     | Noticed Pikel
  9076 | D:10     | Killed Pikel
  9107 | D:10     | Found a staircase to the Lair.
  9540 | D:10     | Found a staircase to the Orcish Mines.
 10131 | Lair:1   | Entered Level 1 of the Lair of Beasts
 10239 | Lair:1   | Reached skill level 1 in Stealth
 10385 | Lair:1   | Received a gift from Okawaru
 10408 | Lair:1   | Got an ichor-stained plate armour {god gift}
 10428 | Lair:1   | Reached skill level 10 in Shields
 10428 | Lair:1   | Reached XP level 12. HP: 30/76 MP: 12/12
 10682 | Lair:1   | Identified the +1 plate armour of the Iron City of Dis {+Blink rC- Dex-3 SInv} (Okawaru gifted it to you on level 1 of the Lair of Beasts)
 10738 | Lair:1   | Got an ancient bone ring
 10739 | Lair:1   | Identified the ring of Daisies {+Fly rPois rF+ MR+} (You found it on level 1 of the Lair of Beasts)
 11043 | Lair:1   | Noticed a four-headed hydra
 11057 | Lair:1   | Killed a four-headed hydra
 11144 | Lair:1   | Reached ****** piety under Okawaru
 11665 | Lair:2   | Identified the Collected Works on Entrancing Flames
 11756 | Lair:2   | Noticed a seven-headed hydra
 11766 | Lair:2   | Killed a seven-headed hydra
 12479 | Lair:2   | Noticed a five-headed hydra
 12487 | Lair:2   | Killed a five-headed hydra
 12671 | Lair:3   | Found a staircase to the Shoals.
 12679 | Lair:3   | Reached skill level 11 in Shields
 12692 | Lair:3   | Reached skill level 10 in Armour
 12709 | Lair:3   | Received a gift from Okawaru
 13394 | Lair:3   | Reached XP level 13. HP: 48/82 MP: 13/13
 13733 | Lair:3   | Reached skill level 10 in Fighting
 14249 | Lair:4   | Found a hole to the Spider Nest.
 14948 | Lair:4   | Received a gift from Okawaru
 15247 | Lair:5   | Found a staircase to the Slime Pits.
 15750 | Lair:5   | Noticed Rupert
 15767 | Lair:5   | Killed Rupert
 16163 | Lair:6   | Entered Level 6 of the Lair of Beasts
 16186 | Lair:6   | Reached skill level 12 in Shields
 16261 | Lair:6   | Found a labyrinth entrance.
 16313 | Lab      | Entered a labyrinth
 18266 | Lab      | Paralysed by fainting for 9 turns
 18286 | Lab      | Noticed a minotaur
 18295 | Lab      | Killed a minotaur
 18394 | Lair:6   | Received a gift from Okawaru
 18405 | Lair:6   | Identified the +7 morningstar of Wounding {crush, +Rage rElec Dex+3} (Okawaru gifted it to you on level 6 of the Lair of Beasts)
 18475 | Lair:6   | Reached skill level 1 in Invocations
 18508 | Lair:6   | Gained mutation: Your large and strong wings let you fly indefinitely. [Gargoyle growth]
 18508 | Lair:6   | Reached XP level 14. HP: 76/90 MP: 15/15
 18593 | Lair:6   | Noticed a dire elephant
 18618 | Lair:6   | Killed a dire elephant
 18688 | Lair:6   | Received a gift from Okawaru
 18920 | Lair:6   | Noticed schets's ghost (journeyman GrEE)
 18929 | Lair:6   | Killed schets's ghost
 18929 | Lair:6   | Reached skill level 13 in Shields
 19072 | Lair:6   | Received a gift from Okawaru
 19072 | Lair:6   | Reached skill level 15 in Maces & Flails
 19079 | Lair:6   | Got heavily runed ice dragon scales {god gift}
 19090 | Lair:6   | Identified the +4 ice dragon scales of the Game of Life {rF- rC++ Str+3} (Okawaru gifted it to you on level 6 of the Lair of Beasts)
 19706 | Lair:6   | Reached XP level 15. HP: 96/96 MP: 17/17
 19724 | Lair:6   | Got a transparent iron ring
 20461 | D:11     | Identified Ypieruc's Compendium of Captivating Combat Magic
 20525 | D:11     | Received a gift from Okawaru
 20748 | D:11     | Identified the ring of Suno {rElec rPois MR+ MP+9 Dex+4} (You found it on level 6 of the Lair of Beasts)
 20873 | D:12     | Noticed Azrael
 20888 | D:12     | Killed Azrael
 20891 | D:12     | Noticed Nessos
 20906 | D:12     | Killed Nessos
 21681 | D:12     | Noticed Kirke
 21693 | D:12     | Noticed a sphinx
 21748 | D:12     | Killed Kirke
 21748 | D:12     | Reached skill level 5 in Invocations
 22072 | D:13     | Reached XP level 16. HP: 103/103 MP: 19/19
 22150 | D:13     | Found a shadowy altar of Dithmenos.
 22339 | D:13     | Reached skill level 14 in Shields
 22932 | D:14     | Found Haluam's Antique Weapon Boutique.
 23025 | D:14     | Received a gift from Okawaru
 23196 | D:14     | Found a portal to a secret trove of treasure.
 23283 | D:14     | Found a basalt altar of Yredelemnul.
 23474 | D:14     | Found a gate to the Vaults.
 23498 | D:14     | Reached XP level 17. HP: 108/108 MP: 21/21
 23611 | D:15     | Entered Level 15 of the Dungeon
 23794 | D:15     | Found a staircase to the Depths.
 24071 | D:15     | Found a stormy altar of Qazlal.
 24102 | D:15     | Found a hazy altar of Hepliaklqana.
 24551 | Orc:1    | Entered Level 1 of the Orcish Mines
 25242 | Orc:2    | Entered Level 2 of the Orcish Mines
 25272 | Orc:2    | Found a staircase to the Elven Halls.
 25306 | Orc:2    | Found a frozen archway.
 25320 | IceCv    | Entered an ice cave
 25321 | IceCv    | Found a transporter.
 25736 | Orc:2    | Received a gift from Okawaru
 25842 | Orc:2    | Found a roughly hewn altar of Beogh.
 26326 | Orc:2    | Found Nihoguh's Antique Armour Shoppe.
 26327 | Orc:2    | Found Loxkay's Antique Weapon Shoppe.
 26330 | Orc:2    | Found Yxelal's General Store.
 26330 | Orc:2    | Found Muxaliwu's Book Emporium.
 26335 | Orc:2    | Bought a scroll of teleportation for 39 gold pieces
 26336 | Orc:2    | Bought a manual of Shields for 1435 gold pieces
 26345 | Orc:2    | Bought a glowing helmet for 187 gold pieces
 26387 | Orc:2    | Reached skill level 15 in Shields
 26671 | Spider:1 | Entered Level 1 of the Spider Nest
 27621 | Spider:2 | Noticed Agnes
 27636 | Spider:2 | Received a gift from Okawaru
 27724 | Spider:2 | Killed Agnes
 27744 | Spider:2 | Reached XP level 18. HP: 61/116 MP: 19/23
 28481 | Spider:3 | Reached skill level 16 in Shields
 28688 | Spider:3 | Found a runed door.
 28707 | Spider:3 | Reached skill level 15 in Armour
 29035 | Spider:4 | Entered Level 4 of the Spider Nest
 29035 | Spider:4 | Noticed Donald
 29061 | Spider:4 | Killed Donald
 29096 | Spider:4 | Noticed Arachne
 29112 | Spider:4 | Received a gift from Okawaru
 29342 | Spider:4 | Killed Arachne
 29569 | Spider:4 | Reached skill level 15 in Fighting
 29716 | Spider:4 | Reached skill level 17 in Shields
 30012 | Spider:4 | Reached XP level 19. HP: 114/124 MP: 2/25
 30045 | Spider:4 | Got a gossamer rune of Zot
 30260 | Shoals:1 | Entered Level 1 of the Shoals
 30552 | Shoals:1 | Found Usisedac's Distillery.
 30560 | Shoals:1 | Bought a potion of heal wounds for 60 gold pieces
 30560 | Shoals:1 | Bought 2 potions of heal wounds for 120 gold pieces
 30560 | Shoals:1 | Bought a potion of heal wounds for 60 gold pieces
 30853 | Shoals:1 | Received a gift from Okawaru
 31199 | Shoals:2 | Learned a level 2 spell: Blink
 31730 | Shoals:2 | Reached skill level 18 in Shields
 31900 | Shoals:3 | Found Wirewiq's Assorted Antiques.
 32018 | Shoals:3 | Reached skill level 1 in Translocations
 32065 | Shoals:3 | Found Tysyrach's Antique Weapon Shop.
 32120 | Shoals:3 | Found Ygyunwih's Antique Weapon Emporium.
 32424 | Shoals:3 | Found Ynweh's Antique Weapon Emporium.
 32451 | Shoals:3 | Found Nobar's Antique Weapon Emporium.
 32481 | Shoals:3 | Reached skill level 1 in Spellcasting
 32626 | Shoals:4 | Entered Level 4 of the Shoals
 32946 | Shoals:4 | Noticed Ilsuiw
 32991 | Shoals:4 | Killed Ilsuiw
 33016 | Shoals:4 | Received a gift from Okawaru
 33285 | Shoals:4 | Reached skill level 19 in Shields
 33394 | Shoals:4 | Reached XP level 20. HP: 121/131 MP: 27/27
 33508 | Shoals:4 | Noticed mole0619's ghost (adept HOMo)
 33539 | Shoals:4 | Killed mole0619's ghost
 33761 | Shoals:4 | Got a barnacled rune of Zot
 34279 | Vaults:1 | Entered Level 1 of the Vaults
 34458 | Vaults:1 | Received a gift from Okawaru
 34547 | Vaults:1 | Identified Ycsuots's Collected Works on Air
 34579 | Vaults:1 | Noticed a bone dragon
 34612 | Vaults:1 | Killed a bone dragon
 34679 | Vaults:1 | Identified the Volume of Black Rituals
 34996 | Vaults:1 | Reached skill level 10 in Invocations
 35301 | Vaults:1 | Received a gift from Okawaru
 35932 | Vaults:1 | Identified the Guide on Poisoning
 36193 | Vaults:2 | Reached skill level 20 in Shields
 36390 | Vaults:2 | Got a twitching sapphire amulet
 36391 | Vaults:2 | Identified the amulet of Lucidity {Reflect rElec rPois rC- SH+3 Stlth+} (You found it on level 2 of the Vaults)
 36438 | Vaults:2 | Received a gift from Okawaru
 36566 | Vaults:2 | Reached skill level 10 in Dodging
 36566 | Vaults:2 | Reached XP level 21. HP: 53/137 MP: 28/28
 37410 | Vaults:3 | Received a gift from Okawaru
 37845 | Vaults:3 | Got a slimy tin ring
 37846 | Vaults:3 | Identified the ring of Riha {+Blink rF+ Str+4} (You found it on level 3 of the Vaults)
 38873 | Vaults:3 | Found a staircase to the Crypt.
 38873 | Vaults:3 | Found an ancient bone altar of Kikubaaqudgha.
 38874 | Vaults:3 | Found a basalt altar of Yredelemnul.
 39311 | Vaults:4 | Received a gift from Okawaru
 39357 | Vaults:4 | Gained mutation: Scrolls take you a little longer to read. [a shining eye]
 39361 | Vaults:4 | Gained mutation: You are clumsy. (Dex -2) [a shining eye]
 39655 | Vaults:4 | Reached XP level 22. HP: 145/145 MP: 30/30
 39728 | Vaults:4 | Reached skill level 21 in Shields
 40009 | Vaults:4 | Received a gift from Okawaru
 40557 | Vaults:5 | Entered Level 5 of the Vaults
 40670 | Vaults:5 | Noticed Inchmeat's ghost (veteran MfGl)
 40745 | Vaults:4 | Received a gift from Okawaru
 40972 | Vaults:5 | Killed Inchmeat's ghost
 41635 | Vaults:5 | Reached XP level 23. HP: 133/152 MP: 27/32
 41660 | Vaults:5 | Received a gift from Okawaru
 42100 | Vaults:5 | Got a silver rune of Zot
 42303 | Vaults:5 | Received a gift from Okawaru
 42337 | Vaults:5 | Reached skill level 22 in Shields
 42358 | Vaults:5 | Got a steaming steel ring
 42363 | Vaults:5 | Identified the ring "Nampeino" {MR+ Str+4} (You took it off an ironheart preserver on level 5 of the Vaults)
 42400 | Vaults:5 | Received a gift from Okawaru
 42679 | Vaults:5 | Noticed an ancient lich
 42692 | Vaults:5 | Cast into level 5 of the Abyss (an ancient lich)
 42692 | Abyss:5  | Entered Level 5 of the Abyss
 42917 | Vaults:5 | Escaped the Abyss
 43172 | Vaults:5 | Killed an ancient lich
 43242 | Vaults:5 | Received a gift from Okawaru
 43246 | Vaults:5 | Noticed a golden dragon
 43263 | Vaults:5 | Killed a golden dragon
 43269 | Vaults:5 | Reached XP level 24. HP: 93/159 MP: 33/33
 43308 | Vaults:5 | Got a heavily runed pewter amulet
 43311 | Vaults:5 | Identified the amulet of Midnight {*Drain +Rage MR+ Str+8 Dex+4} (You found it on level 5 of the Vaults)
 44011 | Elf:1    | Entered Level 1 of the Elven Halls
 44411 | Elf:1    | Received a gift from Okawaru
 44440 | Elf:1    | Identified the +1 pair of gloves "Taitokiu" {rN++ MR+} (Okawaru gifted it to you on level 1 of the Elven Halls)
 45386 | Elf:2    | Found Vihoet's Magic Scroll Boutique.
 45417 | Elf:2    | Bought a scroll of remove curse for 63 gold pieces
 45417 | Elf:2    | Bought a scroll of remove curse for 63 gold pieces
 45417 | Elf:2    | Bought a scroll of blinking for 157 gold pieces
 45432 | Elf:2    | Found a runed gate.
 45432 | Elf:2    | Found a runed gate.
 45434 | Elf:2    | Found a runed gate.
 45670 | Elf:2    | Reached skill level 23 in Shields
 46093 | Elf:3    | Entered Level 3 of the Elven Halls
 46576 | Elf:3    | Found Juihetups's Armour Shop.
 46632 | Elf:3    | Found a radiant altar of Vehumet.
 47057 | Elf:3    | Cast into level 3 of the Abyss (a deep elf sorcerer)
 47135 | Abyss:3  | Received a gift from Okawaru
 47176 | Abyss:3  | Reached XP level 25. HP: 161/164 MP: 8/33
 47593 | Elf:3    | Escaped the Abyss
 47902 | Elf:3    | Got a twitching bronze ring
 47911 | Elf:3    | Identified the +9 plate armour of Twilight {MP+9 Str+3 Int+6 Dex-5} (You found it on level 3 of the Elven Halls)
 47913 | Elf:3    | Identified the ring "Ridequll" {Fire rPois MR- Int+3 Dex+3} (You took it off a deep elf knight on level 3 of the Elven Halls)
 47919 | Elf:3    | Got a crude granite ring
 48003 | Elf:3    | Identified the Volume of Assistive Black Secrets
 48050 | Elf:3    | Identified the Tome of Gliding Arcane Weapons
 48078 | Elf:3    | Identified the ring of Plog {+Fly MR+ Str+2 Stlth-} (You found it on level 3 of the Elven Halls)
 48154 | Elf:3    | Got a flickering ivory amulet
 48789 | Depths:1 | Entered Level 1 of the Depths
 48842 | Depths:1 | Found a transporter.
 48885 | Depths:1 | Found a transporter.
 48952 | Depths:1 | Received a gift from Okawaru
 48989 | Depths:1 | Reached skill level 15 in Invocations
 49055 | Depths:1 | Found a gateway to Hell.
 49147 | Depths:1 | Found a gateway to a ziggurat.
 49933 | Depths:2 | Noticed Bai Suzhen
 49965 | Depths:2 | Killed Bai Suzhen
 50376 | Depths:2 | Reached XP level 26. HP: 169/174 MP: 34/34
 50408 | Depths:2 | Cast into level 4 of the Abyss (a lich)
 50417 | Depths:2 | Escaped the Abyss
 50456 | Depths:2 | Reached skill level 24 in Shields
 51054 | Depths:3 | Paralysed by a vampire knight for 6 turns
 51073 | Depths:3 | Received a gift from Okawaru
 51462 | Depths:3 | Found a one-way gate leading to the halls of Pandemonium.
 51924 | Depths:4 | Identified the amulet of Vaeluchuvunt {Spirit rPois Int+4 Dex+2} (You took it off a deep elf demonologist on level 3 of the Elven Halls)
 52252 | Depths:4 | Received a gift from Okawaru
 52413 | Depths:4 | Found Loabb's Gadget Emporium.
 52417 | Depths:4 | Found Fittun's Jewellery Boutique.
 52430 | Depths:4 | Found Magyc's Gadget Emporium.
 52562 | Depths:4 | Found a one-way gate to the infinite horrors of the Abyss.
 53165 | Depths:5 | Entered Level 5 of the Depths
 53165 | Depths:5 | Found Yfaptumn's Food Shop.
 53236 | Depths:5 | Found Utarou Betz's Weapon Boutique.
 53293 | Depths:5 | Received a gift from Okawaru
 53298 | Depths:5 | Found Falux's Book Shop.
 53400 | Depths:5 | Found a gate to the Realm of Zot.
 53622 | Depths:5 | Found Uchy's Armour Boutique.
 53978 | Depths:5 | Noticed Margery
 54003 | Depths:5 | Killed Margery
 54003 | Depths:5 | Received a gift from Okawaru
 54152 | Zot:1    | Entered Level 1 of the Realm of Zot
 54195 | Zot:1    | Reached XP level 27. HP: 184/184 MP: 34/34
 54518 | Hell     | Entered the Vestibule of Hell
 54519 | Hell     | Noticed Geryon
 54541 | Hell     | Killed Geryon
 54542 | Hell     | Noticed Murray
 54815 | Depths:5 | Killed Murray
 54966 | Depths:4 | Reached skill level 25 in Shields
 55167 | D:14     | You paid a toll of the horn of Geryon to enter a treasure trove
 55168 | Trove    | Entered a treasure trove
 55176 | Trove    | Got a twitching platinum ring
 55179 | Trove    | Identified the ring "Qapsu" {Str+5 Int+3} (You found it in a treasure trove)
 55182 | Trove    | Got a scorched sapphire amulet
 55190 | Trove    | Got a twitching copper ring
 55212 | Trove    | Identified the amulet "Imenluev" {Reflect rElec rN+ Int-5 SH+3 Stlth+} (You found it in a treasure trove)
 55214 | Trove    | Identified the ring of Pride {Int+4 Dex+3} (You found it in a treasure trove)
 55231 | Trove    | Got a sparkling wooden ring
 55232 | Trove    | Identified the ring "Peunwus" {EV+3 Stlth+} (You found it in a treasure trove)
 55239 | Trove    | Got a faintly glowing granite ring
 55240 | Trove    | Identified the ring of Taoh {rElec AC+4 Dex+3 Stlth-} (You found it in a treasure trove)
 55245 | Trove    | Got a pitted silver amulet
 55258 | Trove    | Identified the amulet "Dodesm" {RegenMP rC+ MR+ Str+4} (You found it in a treasure trove)
 55520 | Hell     | Found a gateway to the freezing wastes of Cocytus.
 55576 | Hell     | Reached skill level 1 in Evocations
 55724 | Hell     | Found a gateway to the Iron City of Dis.
 56022 | Hell     | Noticed an ancient lich
 56043 | Hell     | Killed an ancient lich
 56130 | Hell     | Found a gateway to the decaying netherworld of Tartarus.
 56347 | Hell     | Found a gateway to the ashen valley of Gehenna.
 56350 | Hell     | Received a gift from Okawaru
 56466 | Dis:1    | Entered Level 1 of the Iron City of Dis
 57852 | Coc:1    | Entered Level 1 of Cocytus
 59194 | Coc:1    | Received a gift from Okawaru
 60262 | Coc:2    | Reached skill level 5 in Evocations
 61799 | Coc:3    | Received a gift from Okawaru
 62087 | Coc:3    | Reached skill level 26 in Shields
 62405 | Coc:4    | Received a gift from Okawaru
 64521 | Coc:4    | Received a gift from Okawaru
 65180 | Hell     | Gained mutation: You are occasionally teleported next to monsters. [a cacodemon]
 65689 | Zot:2    | Noticed an orb of fire
 65695 | Zot:2    | Gained mutation: Your magical capacity is low. (-10% MP) [an orb of fire]
 65702 | Zot:2    | Killed an orb of fire
 66410 | Zot:3    | Received a gift from Okawaru
 66850 | Zot:3    | Identified a scroll of acquirement
 66852 | Zot:3    | Got a pair of spiked boots
 66863 | Zot:3    | Identified the +5 pair of boots of Death Resistance {rN+++ MR- Dex-4 SInv} (You acquired it on level 3 of the Realm of Zot)
 67049 | Zot:3    | Received a gift from Okawaru
 67454 | Zot:3    | Identified the Collected Works on Torrid Darkness
 68081 | Zot:4    | Received a gift from Okawaru
 68097 | Zot:4    | Reached skill level 27 in Shields
 68262 | Zot:4    | Got a pair of ichor-stained gloves {god gift}
 68273 | Zot:4    | Identified the +2 pair of gloves "Otwuastra" {MR+} (Okawaru gifted it to you on level 4 of the Realm of Zot)
 68301 | Zot:4    | Noticed an orb of fire
 68318 | Zot:4    | Killed an orb of fire
 68814 | Zot:5    | Entered Level 5 of the Realm of Zot
 69000 | Zot:5    | HP: 2/192 [Orb Guardian (30)]
 69000 | Zot:5    | Slain by a death cob

Skill      XL: |  1  2  3  4  5  6  7  8  9 10 11 12 13 14 15 16 17 18 19 20 21 22 23 24 25 26 27 |
---------------+----------------------------------------------------------------------------------+-----
Maces & Flails | 3 4 5 6 8 9 11 12 13 14 15 16 17 18 19 20 23 | 23.2
Fighting       | 4 5 6 7 8 9 11 12 13 14 15 16 17 18 20 22 24 | 24.8
Armour         | 4 5 6 7 8 10 11 12 13 14 15 16 17 18 19 20 23 | 23.1
Dodging        | 1 2 3 6 7 8 9 10 11 12 13 14 | 14.9
Shields        | 4 6 7 8 10 11 12 13 14 15 17 19 20 21 22 23 24 27 | 27.0
Stealth        | 1 2 |  2.4
Invocations    | 1 3 5 6 8 9 10 11 12 13 14 15 | 15.6
Translocations | 3 |  3.8
Spellcasting   | 2 |  2.8
Evocations     | 8 |  8.4

Action                   |  1- 3 |  4- 6 |  7- 9 | 10-12 | 13-15 | 16-18 | 19-21 | 22-24 | 25-27 || total
-------------------------+-------+-------+-------+-------+-------+-------+-------+-------+-------++-------
Melee: Flail             |   108 |    82 |   127 |   848 |   273 |       |       |       |       ||  1438
       Mace              |       |   174 |   396 |       |       |       |       |       |       ||   570
       Morningstar       |       |       |       |       |   785 |  1675 |  1869 |  2009 |  6100 || 12438
 Cast: Blink             |       |       |       |       |       |       |     1 |       |       ||     1
Invok: Finesse           |       |       |       |       |     1 |     7 |       |     4 |    15 ||    27
 Abil: Fly               |       |       |       |       |     1 |       |       |       |       ||     1
       Evoke Berserk Rag |       |       |       |       |       |       |       |     1 |       ||     1
Evoke: Wand              |       |       |     3 |       |       |     1 |       |       |       ||     4
  Use: Potion            |     4 |     2 |     8 |     7 |     2 |     1 |     2 |     7 |     4 ||    37
       Scroll            |     7 |     4 |     6 |     7 |    10 |    13 |    23 |     9 |    24 ||   103
 Stab: Confused          |       |       |       |     2 |       |       |       |       |       ||     2
       Petrified         |       |       |       |       |     6 |       |       |       |       ||     6
       Petrifying        |       |       |       |       |     2 |       |       |       |       ||     2
       Sleeping          |       |       |       |       |     1 |       |       |       |       ||     1
       Distracted        |       |       |       |       |       |     1 |     1 |       |       ||     2
  Eat: Chunk             |       |     7 |     6 |    24 |    22 |    30 |    33 |    28 |    45 ||   195
       Fruit             |       |       |     1 |       |     1 |       |       |       |       ||     2
       Bread ration      |       |       |     1 |       |       |       |       |       |       ||     1
       Royal jelly       |       |       |       |       |     3 |       |       |       |    17 ||    20
Armor: Scale mail        |    57 |    67 |       |       |       |       |       |       |       ||   124
       Plate armour      |       |    84 |   298 |   349 |   214 |       |    87 |   722 |  2665 ||  4419
       Ice dragon scales |       |       |       |       |   238 |   838 |   458 |       |       ||  1534
Dodge: Dodged            |    31 |    61 |    50 |   130 |   323 |   912 |   669 |   650 |  2665 ||  5491
Block: Shield            |    48 |   120 |   175 |   439 |   660 |   985 |  1751 |  1808 |  6831 || 12817
       Large shield      |       |       |       |       |       |   850 |       |       |       ||   850
       Reflection        |       |       |       |       |       |       |   144 |    87 |   134 ||   365
